Map: Orbital Shipyard

Players

Trainbike

  • Race: Protoss Protoss
  • League: Diamond

Pop

  • Race: Protoss Protoss

STaR

  • Race: Zerg Zerg
  • League: Platinum

Jaxely

  • Race: Zerg Zerg
  • League: Silver

VOD

Have the link to the VOD?

Description

Time

  • Played on: Jan. 20, 2016, 9:26 p.m.
  • Length: 5:43
Show
View Real Time Build Order
Export as new Build Order

Trainbike Protoss 

Build Orders:  

Get SALT Encoding   

  12  0:00  Probe (Chrono Boost)  
  13  0:11  Probe (Chrono Boost)  
  14  0:19  Pylon  
  14  0:22  Probe (Chrono Boost)  
  15  0:37  Probe (Chrono Boost), Gateway  
  16  0:44  Assimilator  
  16  0:48  Probe (Chrono Boost)  
  17  0:58  Probe (Chrono Boost)  
  17  1:04  Gateway  
  18  1:09  Probe (Chrono Boost)  
  19  1:14  Assimilator  
  19  1:19  Probe (Chrono Boost)  
  20  1:27  Cybernetics Core  
  20  1:30  Probe (Chrono Boost)  
  21  1:36  Pylon  
  21  1:45  Probe (Chrono Boost)  
  22  1:56  Probe (Chrono Boost)  
  23  2:05  Adept x2  
  23  2:06  Warp Gate (Chrono Boost)  
  27  2:10  Mothership Core  
  29  2:19  Pylon  
  29  2:32  Adept  
  31  2:41  Adept  
  33  2:51  Robotics Facility  
  33  2:52  Gateway  
  33  2:56  Pylon  
  33  3:28  Adept  
  33  3:29  Adept  
  37  3:45  Immortal  
  41  4:03  Stalker x3  
  41  4:04  Pylon  
  41  4:07  Pylon  
  47  4:19  Immortal  
  51  4:31  Stalker  
  51  4:42  Stalker  
  49  4:47  Stalker  
  51  5:02  Immortal  
  49  5:14  Stalker  
  49  5:19  Sentry  
  51  5:21  Zealot  
Show
View Real Time Build Order
Export as new Build Order

Pop Protoss 

Build Orders:  

Get SALT Encoding   

  12  0:01  Drone  
  13  0:08  Drone  
  14  0:17  Overlord  
  14  0:26  Extractor  
  14  0:27  Drone  
  15  0:38  Drone x2  
  17  0:46  Drone  
  18  1:06  Hatchery  
  18  1:08  Drone  
  18  1:09  Drone  
  19  1:22  Drone  
  20  1:26  Spawning Pool  
  20  1:29  Drone, Extractor  
  19  1:40  Drone  
  20  1:59  Drone  
  20  2:00  Drone  
  22  2:13  Overlord  
  22  2:17  Queen  
  22  2:18  Queen  
  22  2:20  Roach Warren  
  22  2:22  Drone  
  26  2:31  Drone, Extractor  
  26  2:37  Drone  
  26  2:38  Drone  
  28  2:46  Drone  
  28  2:49  Drone  
  30  2:54  Drone  
  31  3:02  Drone x2  
  31  3:03  Drone  
  32  3:24  Roach  
  32  3:28  Drone  
  32  3:29  Roach  
  32  3:32  Overlord x3  
  35  3:53  Roach x4  
  35  3:54  Roach x2  
  47  4:04  Drone x2  
  49  4:21  Roach x5  
  49  4:22  Overlord  
  59  4:30  Lair  
  59  4:35  Evolution Chamber  
  58  4:39  Evolution Chamber  
  58  4:43  Roach x3  
  43  5:04  Roach x5  
  45  5:17  Roach x4  
Show
View Real Time Build Order
Export as new Build Order

STaR Zerg 

Build Orders:  

Get SALT Encoding   

Show
View Real Time Build Order
Export as new Build Order

Jaxely Zerg 

Build Orders:  

Get SALT Encoding   

Tags
 
Add a new tag
Caveats
  • Supply blocks, unpowered buildings, or Contaminate may cause inaccurate times.
  • Supply counts are checked every 10 seconds.